 Dungeon Crawl Stone Soup version 0.30.0-20-g3b4254fcbd (webtiles) character file.

Game seed: 16866010000366817176

31 jagang the Vexing (level 3, 0/19 HPs)
             Began as a Deep Elf Enchanter on June 2, 2023.
             Killed from afar by Sigmund (8 damage)
             ... with a magic dart
             ... on level 2 of the Dungeon.
             The game lasted 00:04:28 (1110 turns).

jagang the Vexing (Deep Elf Enchanter)              Turns: 1110, Time: 00:04:33

Health: 0/19       AC:  2    Str:  5    XL:     3   Next: 7%
Magic:  10/10      EV: 13    Int: 21    God:
Gold:   39         SH:  0    Dex: 15    Spells: 10/10 levels left

rFire   . . .        h - +0 rapier (heavy)
rCold   . . .        (no shield)
rNeg    . . .        b - +0 robe
rPois   .            (no helmet)
rElec   .            (no cloak)
rCorr   .            (no gloves)
SInv    .            (no boots)
Will    .....        (no amulet)
Stlth   ++           (no ring)
HPRegen 0.23/turn    (no ring)
MPRegen 0.12/turn

%: no passive effects
@: no status effects
A: no striking features
a: no special abilities


You were on level 2 of the Dungeon.
You visited 1 branch of the dungeon, and saw 2 of its levels.

You collected 149 gold pieces.
You spent 110 gold pieces at shops.

Inventory:

Hand Weapons
 e - a +1 vampiric dagger
 h - a +0 heavy rapier (weapon)
Armour
 b - a +0 robe (worn)
Scrolls
 d - a scroll of magic mapping {unknown}
 g - a scroll of silence {unknown}
 j - a scroll of blinking
Potions
 a - a potion of flight
 c - 2 potions of invisibility
 f - a potion of curing {unknown}
 i - a potion of resistance {unknown}
 k - a potion of heal wounds
 l - a potion of brilliance


   Skills:
 + Level 1.5 Short Blades
 + Level 2.9 Dodging
 - Level 3.6 Stealth
 * Level 4.0 Spellcasting
 - Level 4.2 Hexes


You had 10 spell levels left.
You didn't know any spells.
Your spell library contained the following spells:

 Spells                   Type           Power      Damage    Failure   Level
 Confusing Touch          Hex            22%        N/A       6%          3
 Tukima's Dance           Hex            22%        N/A       6%          3
 Ensorcelled Hibernation  Hex/Ice        26%        N/A       8%          2
 Dazzling Flash           Conj/Hex       26%        N/A       16%         3


Dungeon Overview and Level Annotations

Branches:
Dungeon (2/15)

Altars:
Hepliaklqana

Shops:
D:2 *

Annotations:
D:2 Sigmund


Message History

You completely miss the bat. The bat closely misses you.
The bat hits you but does no damage.
You closely miss the bat. The bat barely misses you.
The bat hits you but does no damage.
You completely miss the bat. The bat closely misses you. The bat misses you.
You puncture the bat!
You kill the bat!
No target in view!
You now have 39 gold pieces (gained 12).
An adder comes into view.
The helpless adder fails to defend itself.
You impale the adder!!
You kill the adder!
Your Spellcasting skill increases to level 4!
You have reached level 3!
Your experience leads to an increase in your attributes!
Increase (S)trength, (I)ntelligence, or (D)exterity?
You feel clever. x2
Magic restored.
You see here an adder corpse.
Found a stone staircase leading down.
There is a stone staircase leading down here.
Found a leather armour.
You see here a +0 leather armour.
Sigmund the Dreaded comes into view.
He is wielding a +0 scythe.
Sigmund shouts!
Sigmund hits you with a +0 scythe.
You hit Sigmund but do no damage. Sigmund hits you with a +0 scythe!
Ouch! That really hurt!
You are too injured to fight recklessly!
You are too injured to fight recklessly!
You are too injured to fight recklessly!
You closely miss Sigmund. Sigmund barely misses you.
You hit Sigmund but do no damage. Sigmund gestures at you while chanting.
You resist with some effort.
Sigmund says, "Don't worry, I'll kill you fast."
Sigmund casts a spell at you. The magic dart hits you!
You die...

∩.........
##.####+++
#. ... #.#
#. ... #.#
#. ...
.#.#
#.##.##
...#
#.....
.###
#..#.#####
.#
#........#
.#
#@@.....#
.#
###.#.#.#
.# #.# #.#
#.# #[#
#.# ###
##.# ..#
##..#


You could see Sigmund.

Vanquished Creatures
  An adder (D:2)
  4 endoplasms
  2 giant cockroaches (D:2)
  3 kobolds (D:1)
  A quokka (D:1)
  2 ball pythons (D:1)
  3 bats
  3 goblins
  2 rats (D:1)
21 creatures vanquished.

Notes
Turn   | Place    | Note
-------+----------+-------------------------------------------
     0 | D:1      | jagang the Deep Elf Enchanter began the quest for the Orb.
     0 | D:1      | Reached XP level 1. HP: 10/10 MP: 6/6
   227 | D:1      | Reached XP level 2. HP: 15/15 MP: 8/8
   796 | D:2      | Found a hazy altar of Hepliaklqana.
   907 | D:2      | Found Daapauch's General Store.
   914 | D:2      | Bought a potion of heal wounds for 50 gold pieces
   914 | D:2      | Bought a potion of brilliance for 40 gold pieces
   914 | D:2      | Bought a scroll of identify for 20 gold pieces
  1002 | D:2      | Found a faded altar of an unknown god.
  1042 | D:2      | Reached XP level 3. HP: 19/19 MP: 8/10
  1106 | D:2      | Noticed Sigmund
  1110 | D:2      | Killed from afar by Sigmund

Illustrated notes

Levels and vault maps discovered:
D:1:      sevenhm_arrival_forest_fort_large_2, layout_loops_ring,
          grunt_decor_cap
D:2:      cheibrodos_fertilizer, layout_basic, serial_shops, shop,
          basic_ecumenical_altar, basic_altar, kennysheep_nub, uniq_sigmund

Skill      XL: |  1  2 |
---------------+-------+-----
Spellcasting   | 4 |  4.0
Short Blades   | |  1.5
Dodging        | |  2.9
Stealth        | |  3.6
Hexes          | |  4.2

Action                     || total
---------------------------++-------
  Melee: Dagger            ||    40
         Rapier            ||    12
    Use: Scroll            ||     4
   Stab: Sleeping          ||     7
 Armour: Robe              ||     8
  Dodge: Dodged            ||    28
